 Dungeon Sprint DCSS version 0.15-a0-1485-g692b94f (webtiles) character file.

0 PolkaDot the Ducker (level 1, -9/16 HPs)
             Began as a Vampire Gladiator on June 14, 2014.
             Was an Initiate of Qazlal.
             Mangled by Terence
             ... wielding a +2,+4 hand axe of electrocution
              (14 damage)
             ... in the Dungeon (Sprint VI: "Thunderdome").
             The game lasted 00:01:50 (86 turns).

PolkaDot the Ducker (Vampire Gladiator)               Turns: 86, Time: 00:01:50

HP  -9/16        AC  4     Str 15      XL: 1   Next: 16%
MP   1/1         EV 13     Int  7      God: Qazlal [......]
Gold 65          SH  0     Dex 17      Spells:  0 memorised,  0 levels left

rFire  + . .     SeeInvis +     a - +0 quarterstaff
rCold  . . .     Clarity  .     b - +0 leather armour
rNeg   + + +     rCorr    .     (no shield)
rPois  .         rRot     .     c - +0 helmet
rElec  .         Spirit   .     (no cloak)
SustAb .         Warding  +     (no gloves)
rMut   .         NoTele   +     (no boots)
Gourm  .                        r - amulet "Guciuxt" {Ward rN+ Str+1}
MR     .....                    q - ring "Haxageg" {Dex+3 Int-3}
                                p - ring of Nekk {rF+ rN+}

@: very slightly contaminated, hasted, very quick, not resistant to hostile
enchantments, very unstealthy
A: fangs 3, see invisible, unbreathing
a: Renounce Religion


You were in the Dungeon.
You worshipped Qazlal.
Qazlal was noncommittal.
You were not thirsty.

You visited 1 branch You collected 200 gold pieces.
You spent 135 gold pieces at shops.

Inventory:

Hand weapons
 a - a +0,+0 quarterstaff (weapon)
Missiles
 d - 3 throwing nets (quivered)
Armour
 b - a +0 leather armour (worn)
 c - a +0 helmet (worn)
Magical devices
 l - a wand of cold (5)
 m - a wand of fire (5)
Scrolls
 k - 4 scrolls of blinking
 n - 3 scrolls of fog
Jewellery
 p - the ring of Nekk (left hand) {rF+ rN+}
   (You bought it in a shop in the Dungeon)

   [ring of positive energy]

   It protects you from fire.
   It protects you from negative energy.
 q - the ring "Haxageg" (right hand) {Dex+3 Int-3}
   (You bought it in a shop in the Dungeon)

   [ring of dexterity]

   It affects your intelligence (-3).
   It affects your dexterity (+3).
 r - the amulet "Guciuxt" (around neck) {Ward rN+ Str+1}
   (You bought it in a shop in the Dungeon)

   [amulet of warding]

   It may prevent the melee attacks of summoned creatures.
   It affects your strength (+1).
   It protects you from negative energy.
Potions
 f - a potion of curing
 g - a potion of heal wounds
 h - 3 potions of haste
 i - 2 potions of magic
 j - a potion of berserk rage
 o - a potion of resistance


   Skills:
 - Level 1.7 Fighting
 + Level 3.0 Staves
 - Level 1.5 Throwing
 - Level 3.2 Dodging


You couldn't memorise any spells.
You didn't know any spells.

Dungeon Overview and Level Annotations

Branches:
Dungeon (1/1)

Altars:
Cheibriados
Dithmenos
Elyvilon
Fedhas
Gozag
Kikubaaqudgha
Makhleb
Nemelex Xobeh
Okawaru
Qazlal
Sif Muna
Trog
Vehumet
Xom
Yredelemnul
Zin
The Shining One
Jiyva
Lugonu

Shops:
D *[%??*?*:[((!!

Annotations:
D Terence


Innate Abilities, Weirdness & Mutations

You have razor-sharp teeth.
You have supernaturally acute eyesight.
You can survive without breathing.


Message History

You are very lightly contaminated with residual magic.
You hit Terence but do no damage. You closely miss Terence.
Terence closely misses you.
You hit Terence. Your bite misses Terence.
Terence is moderately wounded.
Terence closely misses you.
You closely miss Terence.
Terence is moderately wounded.
You hit Terence.
Terence is heavily wounded.
Terence closely misses you.
You hit Terence.
Terence is severely wounded.
Terence drinks a potion.
Terence is healed!
You closely miss Terence. Your bite misses Terence.
Terence is heavily wounded.
Terence hits you with a hand axe of electrocution!
You are electrocuted!
Ouch! That really hurt!
You die...

####.8.........8.#
___......###......___
.......8.# .8........
.........###...........
......###...# #.........
......# #.<.# #.........
......###...###.........
.........###.....@.......
.......8.# #.8..@.....∩#
___......###......_..∩##
####.8.........8.######
#⌠...........⌠#
###.........###
#_......._# #_........#
#_........# #∩.......∩#


You could see Terence.

Vanquished Creatures
  A giant cockroach (D)
1 creature vanquished.

Notes
Turn   | Place    | Note
--------------------------------------------------------------
     0 | D        | PolkaDot, the Vampire Gladiator, began the quest for the Orb.
     0 | D        | Reached XP level 1. HP: 16/16 MP: 1/1
     2 | D        | Found a basalt altar of Yredelemnul.
     2 | D        | Found an ancient bone altar of Kikubaaqudgha.
     3 | D        | Found an iron altar of Okawaru.
     3 | D        | Found a burning altar of Makhleb.
     4 | D        | Found a corrupted altar of Lugonu.
     4 | D        | Found a sparkling altar of Nemelex Xobeh.
     5 | D        | Found an opulent altar of Gozag.
     5 | D        | Found Shriaj's Premium Goods.
     5 | D        | Found Kuessus' Miscellaneous Merchandise.
     5 | D        | Round 1.
     8 | D        | Found Huugut's Identification Station.
     9 | D        | Found Tapuimp's Advanced Armour.
    10 | D        | Found a shadowy altar of Dithmenos.
    10 | D        | Found a bloodstained altar of Trog.
    10 | D        | Found a deep blue altar of Sif Muna.
    11 | D        | Found Bof Sko's Jewellery.
    11 | D        | Found Wopusahaxi's Bee Food.
    14 | D        | Found a glowing golden altar of the Shining One.
    15 | D        | Found a stormy altar of Qazlal.
    15 | D        | Found a snail-covered altar of Cheibriados.
    16 | D        | Found Smazxey's Magic Scroll Shop.
    17 | D        | Found Kasasmom's Magic Scroll Shop.
    18 | D        | Found a white marble altar of Elyvilon.
    18 | D        | Found a glowing silver altar of Zin.
    19 | D        | Found Gyteyl's Staff Store.
    19 | D        | Found Aremp's Must-Have Magic.
    23 | D        | Became a worshipper of Qazlal Stormbringer
    38 | D        | Bought a shimmering jade ring for 45 gold pieces
    38 | D        | Bought a warped wooden ring for 45 gold pieces
    38 | D        | Bought a shimmering tin amulet for 45 gold pieces
    47 | D        | Identified the ring of Nekk {rF+ rN+} (You bought it in a shop in the Dungeon)
    48 | D        | Identified the ring "Haxageg" {Dex+3 Int-3} (You bought it in a shop in the Dungeon)
    49 | D        | Identified the amulet "Guciuxt" {Ward rN+ Str+1} (You bought it in a shop in the Dungeon)
    61 | D        | Found Ykkun's Weapon Rack.
    61 | D        | Found Plaung's Basic Armour.
    66 | D        | Found a viscous altar of Jiyva.
    70 | D        | Noticed Terence
    70 | D        | Found Gablausu's Do-It-Yourself Clinic.
    71 | D        | Found Sesuvupeke's Bottled Wisdom.
    72 | D        | Found a radiant altar of Vehumet.
    72 | D        | Found a shimmering altar of Xom.
    72 | D        | Found a blossoming altar of Fedhas.
    86 | D        | Mangled by Terence

Action                   || total
-------------------------++-------
Melee: Quarterstaff      ||    10
  Use: Potion            ||     5
